 Dungeon Crawl Stone Soup version 0.31.0-11-ge490571c62 (webtiles) character file.

Game seed: 8221867075511064669

74 qw the Shooter (level 4, 0/25 HPs)
             Began as a Deep Elf Hunter on Feb 3, 2024.
             Slain by a goblin
             ... wielding a +0 dagger
             ... led by Robin
              (2 damage)
             ... on level 2 of the Dungeon.
             The game lasted 00:00:07 (1801 turns).

qw the Shooter (Deep Elf Hunter)                    Turns: 1801, Time: 00:00:08

Health: 0/25       AC:  3    Str: 10    XL:     4   Next: 10%
Magic:  6/6        EV: 12    Int: 14    God:
Gold:   92         SH:  0    Dex: 18    Spells: 3/3 levels left

rFire   . . .        a - +0 shortbow (elec)
rCold   . . .        (shield currently unavailable)
rNeg    . . .        c - +0 leather armour
rPois   .            (no helmet)
rElec   .            (no cloak)
rCorr   .            (no gloves)
SInv    .            (no boots)
Will    .....        (no amulet)
Stlth   ++           (no ring)
HPRegen 0.24/turn    (no ring)
MPRegen 0.10/turn

%: no passive effects
@: no status effects
A: no striking features
a: no special abilities


You were on level 2 of the Dungeon.
You visited 1 branch of the dungeon, and saw 3 of its levels.

You collected 92 gold pieces.


   Skills:
 - Level 1.5 Fighting
 + Level 7.5 Ranged Weapons
 - Level 2.4 Dodging
 - Level 1.2 Stealth


You had 3 spell levels left.
You didn't know any spells.
Your spell library was empty.

Inventory:

Hand Weapons
 a - a +0 shortbow of electrocution (weapon)
Armour
 c - a +0 leather armour (worn)

Dungeon Overview and Level Annotations

Branches:
Dungeon (3/15)

Altars:

Annotations:
D:3 Robin


Message History

The quokka twitches its whiskers.
The quokka bites you but does no damage.
The goblin barely misses you. The jackal barely misses you.
The jackal misses you.
You shoot an arrow. The arrow misses the jackal.
The quokka barely misses you. The goblin hits you with a +0 dagger.
The jackal stops to sniff the ground.
The jackal misses you. The jackal bites you. The quokka bites you.
You shoot an arrow.
The arrow hits the jackal but does no damage.
The jackal bites you.
The jackal bites you but does no damage.
The goblin hits you with a +0 dagger. The quokka closely misses you.
The jackal completely misses you. The jackal barely misses you.
You shoot an arrow.
The arrow hits the jackal but does no damage.
Lightning courses through the jackal!
You kill the jackal!
The goblin hits you with a +0 dagger. The quokka bites you.
The jackal bites you but does no damage.
You shoot an arrow. The arrow closely misses the quokka.
The jackal barely misses you. The quokka closely misses you.
The goblin hits you with a +0 dagger.
The jackal bites you but does no damage.
You shoot an arrow. The arrow barely misses the quokka.
The quokka closely misses you. The goblin hits you with a +0 dagger.
The jackal closely misses you. The quokka bites you.
You shoot an arrow. The arrow barely misses the quokka.
The jackal bites you but does no damage.
The goblin hits you with a +0 dagger.
The quokka bites you but does no damage.
The jackal completely misses you.
You shoot an arrow. The arrow hits the quokka.
The quokka is heavily wounded.
The goblin barely misses you. The quokka bites you.
The jackal closely misses you.
You shoot an arrow. The arrow barely misses the quokka.
The goblin hits you but does no damage. The quokka misses you.
The jackal closely misses you. The goblin hits you with a +0 dagger.
You die...

#.## ##...##
#.....# ...# ##'##
#.....# .8.# #.#
#.....# .?.# #.#
#.....#
...#########.##
#.....#
P.............##
#.#####
#######........###
#.# #.###...##)##
#.# #.#
#....g@)######.#
#.#
##.###hr.......#
#.# #.#
###########
#.####.# #......#
######.#
########## #.#
##### #.....%..#
#.# ##...###
#.######.# #.#
#...P..#


You could see a quokka, a jackal and a goblin (strong).

Vanquished Creatures
  3 adder zombies (D:2)
  2 dart slugs (D:1)
  2 ribbon worms (D:2)
  3 ball pythons
  2 bats (D:2)
  2 bat zombies (D:2)
  2 endoplasms (D:1)
  2 giant cockroaches
  10 goblins
  7 hobgoblins
  A jackal (D:2)
  2 quokkas (D:2)
  2 ball python skeletons (D:2)
  A ball python zombie (D:2)
  3 frilled lizards (D:2)
  5 kobolds
  A rat (D:1)
50 creatures vanquished.

Notes
Turn   | Place    | Note
-------+----------+-------------------------------------------
     0 | D:1      | qw the Deep Elf Hunter began the quest for the Orb.
     0 | D:1      | Reached XP level 1. HP: 12/12 MP: 3/3
     0 | D:1      | 0 ||| qw: Version: 0.3-a-158-g18b3111
     0 | D:1      | 0 ||| qw: Game counter: 4251
     0 | D:1      | 0 ||| qw: Melee chars always use a shield: true
     0 | D:1      | 0 ||| qw: God list: Okawaru
     0 | D:1      | 0 ||| qw: Allow faded altars: false
     0 | D:1      | 0 ||| qw: Do Orc after clearing Dungeon:15 true
     0 | D:1      | 0 ||| qw: Do second Lair branch before Depths: true
     0 | D:1      | 0 ||| qw: Lair rune preference: random
     0 | D:1      | 0 ||| qw: Goals: Normal
     0 | D:1      | 0 ||| PLANNING D:1-11
   181 | D:1      | Reached XP level 2. HP: 16/16 MP: 4/4
   213 | D:1      | Reached skill level 6 in Ranged Weapons
   579 | D:1      | 579 ||| READING scroll labelled BEEZOS METHRUMO.
   579 | D:1      | 579 ||| IDENTIFYING viscous emerald potion
   580 | D:1      | 580 ||| READING scroll labelled VIEPSU EXKIUJEACI.
   581 | D:1      | 581 ||| READING scroll labelled OWAEP EPYUL.
   582 | D:1      | 582 ||| READING scroll labelled SOKHLU LEIPE.
   583 | D:1      | 583 ||| READING scroll labelled ONEWKEUS JYUFO.
   584 | D:1      | 584 ||| DROPPING scroll of butterflies.
   587 | D:1      | HP: 4/16 [poisoned by you (poison gas)]
   588 | D:1      | 588 ||| Stepping ~*~*~tactically~*~*~ (cloud).
   588 | D:1      | HP: 1/16 [poisoned by you (poison gas)]
   589 | D:1      | 589 ||| DRINKING potion of curing.
   589 | D:1      | 589 ||| (to cure poison)
   758 | D:2      | Reached XP level 3. HP: 20/20 MP: 5/5
  1026 | D:2      | Reached skill level 7 in Ranged Weapons
  1337 | D:2      | Found a faded altar of an unknown god.
  1533 | D:2      | 1533 ||| DROPPING amulet of magic regeneration.
  1534 | D:2      | 1534 ||| READING scroll labelled LAK XYCESO.
  1534 | D:2      | 1534 ||| BRANDING +0 shortbow.
  1535 | D:2      | 1535 ||| READING 2 scrolls labelled KEOGES AVVOME.
  1636 | D:2      | 1636 ||| DROPPING scroll of vulnerability.
  1655 | D:3      | Noticed Robin
  1658 | D:3      | 1658 ||| STAIRDANCE
  1674 | D:3      | 1674 ||| STAIRDANCE
  1708 | D:3      | 1708 ||| STAIRDANCE
  1737 | D:3      | 1737 ||| STAIRDANCE
  1742 | D:2      | Reached XP level 4. HP: 22/25 MP: 6/6
  1791 | D:3      | 1791 ||| STAIRDANCE
  1798 | D:2      | HP: 3/25 [quokka (4)]
  1801 | D:2      | Slain by a goblin

Levels and vault maps discovered:
D:1:      roderic_dead_forest, layout_loops_ring
D:2:      layout_loops_corners, serial_undead, serial_undead_a, serial_undead_e,
          serial_undead_c, serial_undead_c, serial_undead_c, serial_undead_c,
          serial_undead_c, ebering_ecumenical_altar_mist
D:3:      minmay_inner_zag, layout_basic, minmay_misc_feat_x, uniq_ijyb,
          uniq_jessica, uniq_robin

Skill      XL: |  1  2  3 |
---------------+----------+-----
Ranged Weapons | 6 7 |  7.5
Fighting       | |  1.5
Dodging        | |  2.4
Stealth        | |  1.2

Action                     |  1- 3 |  4- 6 || total
---------------------------+-------+-------++-------
   Fire: Shortbow          |   132 |    22 ||   154
    Use: Scroll            |     7 |       ||     7
         Potion            |     1 |       ||     1
 Armour: Leather armour    |    48 |    38 ||    86
  Dodge: Dodged            |    65 |    35 ||   100

Table legend:
 A = Non-vault XP
 B = Vault XP
 C = Vault XP percentage of total XP
 D = Non-vault monster count
 E = Vault monster count
 F = Vault count percentage of total count
                 A         B        C        D         E       F
            +---------+---------+-------+---------+---------+-------
      Total |      63 |      44 |  41.1 |      32 |      18 |  36.0
            +---------+---------+-------+---------+---------+-------
        D:1 |      29 |       0 |   0.0 |      14 |       0 |   0.0
        D:2 |      34 |      42 |  55.3 |      18 |      17 |  48.6
        D:3 |       0 |       2 | 100.0 |       0 |       1 | 100.0
            +---------+---------+-------+---------+---------+-------
